 Dungeon Crawl Stone Soup version 0.29-a0-878-g7b45a56547 (webtiles) character file.

Game seed: 8126247618276411121

136 27snakeeyes612 the Magician (level 4, -3/24 HPs)
             Began as a Deep Elf Air Elementalist on July 20, 2022.
             Killed by nerve-wracking pain
             ... invoked by an orc priest
              (12 damage)
             ... on level 3 of the Dungeon.
             The game lasted 00:01:54 (2513 turns).

27snakeeyes612 the Magician (DEAE)                  Turns: 2513, Time: 00:01:55

Health: -3/24      AC:  3    Str:  5    XL:     4   Next: 98%
Magic:  4/4        EV: 13    Int: 22    God:
Gold:   103        SH:  0    Dex: 15    Spells: 10/11 levels left

rFire   . . .      SeeInvis .   l - +1 spear (antimagic)
rCold   . . .      Faith    .   (no shield)
rNeg    . . .      Spirit   .   a - +0 robe
rPois   .          Reflect  .   (no helmet)
rElec   .          Harm     .   (no cloak)
rCorr   .          Rampage  .   (no gloves)
Will    .....                   j - +0 pair of boots
Stlth   +++.......              m - amulet of the acrobat
HPRegen 0.08/turn               (no ring)
MPRegen 0.09/turn               (no ring)

@: no status effects
A: no striking features
a: no special abilities


You were on level 3 of the Dungeon.
You visited 1 branch of the dungeon, and saw 3 of its levels.

You collected 103 gold pieces.

Inventory:

Hand Weapons
 l - a +1 antimagic spear (weapon)
Armour
 a - a +0 robe (worn)
 j - a +0 pair of boots (worn)
Jewellery
 b - an amulet of reflection
 m - an amulet of the acrobat (around neck)
Scrolls
 d - 3 scrolls of teleportation {unknown}
 g - 2 scrolls of immolation
 h - a scroll of silence {unknown}
 i - a scroll of blinking {unknown}
 k - a scroll of summoning {unknown}
 n - a scroll of enchant armour {unknown}
 o - a scroll of amnesia {unknown}
 q - 2 scrolls of magic mapping {unknown}
 r - 2 scrolls of identify {unknown}
Potions
 c - 2 potions of flight {unknown}
 e - a potion of curing {unknown}
 f - a potion of lignification {unknown}
 p - a potion of berserk rage {unknown}


   Skills:
 + Level 3.5 Dodging
 + Level 3.7 Stealth
 + Level 4.0 Spellcasting
 + Level 2.5 Conjurations
 + Level 3.6 Air Magic


You had 10 spell levels left.
You knew the following spells:

 Your Spells              Type           Power      Damage    Failure   Level
a - Shock                 Conj/Air       72%        1d7       3%          1

Your spell library contained the following spells:

 Spells                   Type           Power      Damage    Failure   Level
 Static Discharge         Conj/Air       18%        3-6/arc   4%          2
 Swiftness                Air            20%        N/A       8%          3
 Summon Small Mammal      Summ           16%        N/A       11%         1
 Airstrike                Air            10%        0-4+      24%         4
 Call Canine Familiar     Summ           4%         N/A       32%         3
 Gell's Gravitas          Tloc           4%         N/A       32%         3
 Summon Guardian Golem    Hex/Summ       4%         N/A       32%         3
 Teleport Other           Tloc           4%         N/A       32%         3
 Olgreb's Toxic Radiance  Pois           4%         N/A       73%         4
 Dispersal                Tloc           2%         N/A       100%        6
 Ozocubu's Refrigeration  Ice            2%         4d5       100%        7
 Ignition                 Fire           2%         3d3       100%        8


Dungeon Overview and Level Annotations

Branches:
Dungeon (3/15)

Altars:


Message History

A rat comes into view.
The zap hits the rat.
You kill the rat!
Magic restored.
Found an escape hatch in the floor.
You can't see any susceptible monsters within range! (Use Z to cast anyway.)
You now have 103 gold pieces (gained 19).
You see here a rat corpse.
r - 2 scrolls labelled QYGRIRCH LU JAX (gained 1)
An orc, an orc wizard and an orc priest come into view.
Found 8 gold pieces.
The zap hits the orc priest.
The orc priest is moderately wounded.
The orc priest shouts!
The zap hits the orc.
The orc is lightly wounded.
The orc shouts!
The zap hits the orc.
You kill the orc!
The orc priest invokes the aid of Beogh against you.
Beogh smites you!
Ouch! That really hurt!
You are too injured to fight recklessly!
The orc priest completely misses you.
You barely miss the orc priest.
The orc priest is moderately wounded.
The orc priest mumbles some strange prayers to Beogh against you.
You barely resist.
You hit the orc priest but do no damage.
The orc priest is moderately wounded.
The orc priest misses you.
You hit the orc priest.
The orc priest is moderately wounded.
The orc priest closely misses you.
You hit the orc priest.
The orc priest is heavily wounded.
The orc priest mumbles some strange prayers to Beogh against you.
Pain shoots through your body!
Ouch! That really hurt!
You die...

### #.#
#####.###
#oo@....#
#.#####.#
#.# #.#
#.# #.#
#..o..o.#
#.#
##o..####
#.# .$..
#.# ##.
#.# # #.#


You could see an orc priest and an orc wizard.

Vanquished Creatures
  Terence (D:1)
  Robin (D:2)
  3 gnolls (D:2)
  2 adders (D:2)
  A worm (D:2)
  An orc (D:3)
  6 ball pythons
  An endoplasm (D:2)
  3 giant cockroaches
  9 goblins (D:2)
  9 hobgoblins
  A quokka (D:2)
  A bat (D:1)
  2 kobolds (D:2)
  8 rats
49 creatures vanquished.

Notes
Turn   | Place    | Note
-------+----------+-------------------------------------------
     0 | D:1      | 27snakeeyes612 the Deep Elf Air Elementalist began the
                  | quest for the Orb.
     0 | D:1      | Reached XP level 1. HP: 10/10 MP: 6/6
   292 | D:1      | Found a faded altar of an unknown god.
   337 | D:1      | Reached XP level 2. HP: 15/15 MP: 5/8
   926 | D:2      | Noticed Terence
   946 | D:1      | Killed Terence
   947 | D:1      | Reached XP level 3. HP: 4/19 MP: 5/10
  1430 | D:2      | Noticed Robin
  1435 | D:2      | Killed Robin
  1436 | D:2      | Reached XP level 4. HP: 24/24 MP: 2/11
  1864 | D:2      | Reached skill level 4 in Spellcasting
  2513 | D:3      | Killed from afar by an orc priest

Illustrated notes

Levels and vault maps discovered:
D:1:      dpeg_arrival_rhombus, layout_basic, hellmonk_ecumenical_altar_blasted,
          minivault_14
D:2:      layout_basic, minmay_box_of_dots, uniq_terence, uniq_robin
D:3:      layout_basic

Skill      XL: |  1  2  3  4 |
---------------+-------------+-----
Dodging        | 3 |  3.5
Stealth        | 3 |  3.7
Conjurations   | 2 |  2.5
Spellcasting   | 4 |  4.0
Air Magic      | |  3.6

Action                   |  1- 3 |  4- 6 || total
-------------------------+-------+-------++-------
Melee: Unarmed           |       |    12 ||    12
       Spear             |       |     4 ||     4
 Cast: Shock             |    62 |    51 ||   113
  Use: Potion            |     1 |       ||     1
Armor: Robe              |     6 |     4 ||    10
Dodge: Dodged            |     9 |    10 ||    19

Table legend: (Time is in decaauts)
 A = Elapsed time spent in this place.
 B = Non-inter-level travel time spent in this place.
 C = Inter-level travel time spent in this place.
 D = Time resting spent in this place.
 E = Time spent auto-exploring this place.
 F = Levels seen in this place.
 G = Mean time per level.
                   A        B        C        D        E       F      G
               +--------+--------+--------+--------+--------+-----+--------+
         Total |   2513 |   2387 |    126 |    448 |   1679 |   3 |  837.7 |
       Dungeon |   2513 |   2387 |    126 |    448 |   1679 |   3 |  837.7 |
               +--------+--------+--------+--------+--------+-----+--------+

Top non-repeatable levels by time:
     D:1: 1273 daAuts
     D:2: 1140 daAuts
     D:3: 100 daAuts
